 Dungeon Sprint DCSS version 0.29.1-15-g9cfb28693d (webtiles) character file.

Game seed: 15505783844625706366

3000000 Nonny the Formicid Barricade (level 21, -39/204 HPs)
             Began as a Formicid Fighter on Feb 26, 2023.
             Was the Champion of Makhleb.
             Annihilated by a destroyer
             ... wielding a +9 vorpal great sword
              (206 damage)
             ... in the Dungeon (Sprint VIII: "Arena of Blood").
             The game lasted 00:00:46 (30 turns).

Nonny the Formicid Barricade (Formicid Fighter)       Turns: 30, Time: 00:00:47

Health: -39/204    AC: 13    Str: 21    XL:     21   Next: 63%
Magic:  20/33      EV: 29    Int: 11    God:    Makhleb [******]
Gold:   0          SH: 12    Dex: 21    Spells: 37/37 levels left

rFire   . . .      SeeInvis +   g - +∞ Axe of Woe
rCold   . . .      Faith    .   b - +0 buckler
rNeg    . . .      Spirit   .   a - +0 scale mail
rPois   .          Reflect  .   (helmet unavailable)
rElec   .          Harm     .   (no cloak)
rCorr   .          Rampage  .   (no gloves)
Will    ++...                   (no boots)
Stlth   ++++......              (no amulet)
HPRegen 0.44/turn               (no ring)
MPRegen 0.23/turn               (no ring)

@: no status effects
A: permanent stasis, dig shafts and tunnels, antennae 3, four strong arms
a: Dig, Renounce Religion, Minor Destruction, Lesser Servant of Makhleb, Major
Destruction, Greater Servant of Makhleb


You were in the Dungeon.
You worshipped Makhleb.
Makhleb was exalted by your worship.
You visited 1 branch

Inventory:

Hand Weapons
 g - the +∞ Axe of Woe (weapon)
   (You found it in the Dungeon)
Armour
 a - a +0 scale mail (worn)
 b - a +0 buckler (worn)
Potions
 c - a potion of might
 d - a potion of curing
 e - a potion of heal wounds
 f - 2 potions of magic


   Skills:
 O Level 27 Fighting
 + Level 9.7(11.1) Short Blades
 + Level 8.6(10.6) Long Blades
 O Level 27 Axes
 + Level 8.6(20.3) Maces & Flails
 + Level 8.6(20.3) Polearms
 + Level 8.6(11.6) Staves
 + Level 8.6 Ranged Weapons
 + Level 8.6 Throwing
 O Level 27 Armour
 O Level 27 Dodging
 + Level 11.2 Stealth
 O Level 27 Shields
 O Level 27 Unarmed Combat
 + Level 8.6 Spellcasting
 + Level 7.9 Conjurations
 + Level 10.3 Hexes
 + Level 9.7 Summonings
 + Level 9.7 Necromancy
 + Level 8.9 Translocations
 + Level 10.6 Transmutations
 + Level 9.7 Fire Magic
 + Level 9.7 Ice Magic
 + Level 8.1 Air Magic
 + Level 11.5 Earth Magic
 + Level 12.5 Poison Magic
 + Level 11.5 Invocations
 + Level 10.6 Evocations


You had 37 spell levels left.
You didn't know any spells.
Your spell library was empty.

Dungeon Overview and Level Annotations

Branches:
Dungeon (1/1)

Altars:
Makhleb


Innate Abilities, Weirdness & Mutations

You cannot be hasted, slowed, berserked, paralysed or teleported.
You can dig through walls and to a lower floor.
You have a pair of large antennae on your head. (SInv)
Your four strong arms can wield two-handed weapons with a shield.


Message History

You hear a shout!
Your base Short Blades skill increases to level 9!
Your base Long Blades skill increases to level 8!
Your base Maces & Flails skill increases to level 8!
Your base Polearms skill increases to level 8!
Your base Staves skill increases to level 8!
Your Ranged Weapons skill increases to level 8!
Your Throwing skill increases to level 8!
Your Stealth skill gained 2 levels and is now at level 11!
Your Spellcasting skill increases to level 8!
Your Conjurations skill increases to level 7!
Your Hexes skill gained 2 levels and is now at level 10!
Your Summonings skill increases to level 9!
Your Necromancy skill increases to level 9!
Your Translocations skill increases to level 8!
Your Transmutations skill gained 2 levels and is now at level 10!
Your Fire Magic skill increases to level 9!
Your Ice Magic skill increases to level 9!
Your Air Magic skill gained 2 levels and is now at level 8!
Your Earth Magic skill gained 2 levels and is now at level 11!
Your Poison Magic skill gained 2 levels and is now at level 12!
Your Invocations skill gained 2 levels and is now at level 11!
Your Evocations skill gained 2 levels and is now at level 10!
Unknown command.
Unknown command.
The meat berserker hits you with a +9 battleaxe!
You hear a shout! x2
The bag of meat is engulfed in blazing flames.
A destroyer comes into view. It is wielding a +9 vorpal great sword.
The destroyer is engulfed in blazing flames.
You hear a shout! x4
Things that are here:
a +9 war axe; a +30 ring of slaying; a bag of meat corpse
Press: ? - help, v - describe, . - travel
Here: a large bag of meat, wielding a +9 giant spiked club and wearing a +100 ring of slaying (inner flame)
The floor.
The destroyer attacks as you move away!
The destroyer hits you with a +9 vorpal great sword!!!!!
Ouch! That really hurt!
You die...

.#O.....)._.......
......o).###........
...###.o)....###...
. #.V)....#.....
...#..)....#.....
.....z.o§§§.......
........oo§.....#
.......oo§§)O...#.
......oO.)V@.O##..
....#........#.o...
.o....§.OO...#{o.##
..##.#....... {O
............ {o
..o.#.....### {
..........
.V........


You could see 3 destroyers, a sculptor of flesh, 3 large bags of meat, 2 meat
berserkers and 10 bags of meat.

Vanquished Creatures
  3 vampire knights (D)
  10 ogres (D)
  A two-headed ogre (D)
  18 orcs (D)
32 creatures vanquished.

Notes
Turn   | Place    | Note
-------+----------+-------------------------------------------
     0 | D        | Found the +∞ Axe of Woe
     0 | D        | Nonny the Formicid Fighter began the quest for the Orb.
     0 | D        | Reached XP level 1. HP: 18/18 MP: 1/1
     1 | D        | Noticed a bag of meat
     1 | D        | Noticed a bag of meat
     3 | D        | Became a worshipper of Makhleb the Destroyer
     3 | D        | Noticed a bag of meat
     5 | D        | Noticed a bag of meat
     5 | D        | Noticed a bag of meat
     5 | D        | Noticed a meat berserker
     5 | D        | Noticed a bag of meat
     6 | D        | Killed a bag of meat
     6 | D        | Noticed a bag of meat
     7 | D        | Reached skill level 15 in Armour
     7 | D        | Reached XP level 2. HP: 46/46 MP: 2/2
     7 | D        | Reached XP level 3. HP: 52/52 MP: 3/3
     7 | D        | Reached XP level 4. HP: 59/59 MP: 4/4
     7 | D        | Reached XP level 5. HP: 65/65 MP: 5/5
     7 | D        | Reached XP level 6. HP: 73/73 MP: 6/6
     7 | D        | Reached XP level 7. HP: 79/79 MP: 7/7
     7 | D        | Reached XP level 8. HP: 86/86 MP: 8/8
     7 | D        | Reached XP level 9. HP: 92/92 MP: 9/9
     7 | D        | Reached XP level 10. HP: 99/99 MP: 10/10
     7 | D        | Reached XP level 11. HP: 105/105 MP: 11/11
     7 | D        | Killed a bag of meat
     7 | D        | Reached * piety under Makhleb
     7 | D        | Killed a bag of meat
     7 | D        | Noticed a bag of meat
     8 | D        | Reached XP level 12. HP: 90/121 MP: 12/12
     8 | D        | Reached XP level 13. HP: 94/127 MP: 13/13
     8 | D        | Killed a meat berserker
     8 | D        | Noticed a bag of meat
     8 | D        | Noticed a bag of meat
     8 | D        | Noticed a bag of meat
     9 | D        | Reached skill level 10 in Unarmed Combat
     9 | D        | Reached XP level 14. HP: 99/140 MP: 14/14
     9 | D        | Killed a bag of meat
     9 | D        | Reached ** piety under Makhleb
     9 | D        | Killed a bag of meat
     9 | D        | Noticed a bag of meat
    10 | D        | Killed a bag of meat
    11 | D        | Reached skill level 27 in Shields
    11 | D        | Reached XP level 15. HP: 153/153 MP: 15/15
    11 | D        | Reached *** piety under Makhleb
    11 | D        | Noticed a meat berserker
    12 | D        | Noticed a meat berserker
    12 | D        | Noticed a meat berserker
    13 | D        | Noticed a meat berserker
    14 | D        | Reached **** piety under Makhleb
    14 | D        | Noticed a meat berserker
    15 | D        | Reached skill level 27 in Fighting
    15 | D        | Reached skill level 27 in Armour
    15 | D        | Reached XP level 16. HP: 167/167 MP: 16/16
    15 | D        | Killed a meat berserker
    15 | D        | Noticed a destroyer
    16 | D        | Reached skill level 15 in Unarmed Combat
    16 | D        | Noticed a large bag of meat
    16 | D        | Noticed a meat berserker
    16 | D        | Noticed a meat berserker
    17 | D        | Noticed a meat berserker
    18 | D        | Killed a meat berserker
    19 | D        | Reached XP level 17. HP: 174/174 MP: 17/17
    19 | D        | Noticed a large bag of meat
    19 | D        | Killed a meat berserker
    19 | D        | Reached ***** piety under Makhleb
    19 | D        | Killed a meat berserker
    20 | D        | Reached skill level 27 in Axes
    20 | D        | Noticed a destroyer
    21 | D        | Noticed a destroyer
    21 | D        | Killed a meat berserker
    22 | D        | Reached XP level 18. HP: 182/182 MP: 18/18
    22 | D        | Noticed a meat berserker
    22 | D        | Noticed a meat berserker
    22 | D        | Noticed a destroyer
    23 | D        | Killed a meat berserker
    24 | D        | Reached skill level 27 in Unarmed Combat
    24 | D        | Killed a destroyer
    24 | D        | Killed a meat berserker
    24 | D        | Noticed a destroyer
    24 | D        | Noticed a meat berserker
    24 | D        | Noticed a large bag of meat
    25 | D        | Reached XP level 19. HP: 189/189 MP: 19/19
    25 | D        | Noticed a large bag of meat
    26 | D        | Killed a destroyer
    26 | D        | Reached ****** piety under Makhleb
    27 | D        | Reached skill level 27 in Dodging
    27 | D        | Reached XP level 20. HP: 197/197 MP: 20/20
    27 | D        | Killed a large bag of meat
    27 | D        | Killed a destroyer
    28 | D        | Reached skill level 10 in Poison Magic
    28 | D        | Reached XP level 21. HP: 167/204 MP: 20/31
    28 | D        | Noticed a large bag of meat
    28 | D        | Killed a meat berserker
    28 | D        | Killed a meat berserker
    29 | D        | Reached skill level 10 in Hexes
    29 | D        | Reached skill level 10 in Transmutations
    29 | D        | Reached skill level 10 in Evocations
    29 | D        | Noticed a destroyer
    30 | D        | Annihilated by a destroyer

Illustrated notes

Levels and vault maps discovered:
D:        meatsprint

Skill      XL: |  1  2  3  4  5  6  7  8  9 10 11 12 13 14 15 16 17 18 19 20 21 |
---------------+----------------------------------------------------------------+-----
Fighting       | 16 20 22 24 27 | 27.0
Axes           | 3 6 8 11 17 24 27 | 27.0
Armour         | 15 19 21 23 27 | 27.0
Shields        | 18 22 25 27 | 27.0
Unarmed Combat | 7 9 10 11 13 16 25 27 | 27.0
Dodging        | 2 8 23 27 | 27.0
Short Blades   | 8 9 |  9.7
Long Blades    | 7 8 |  8.6
Maces & Flails | 7 8 |  8.6
Polearms       | 7 8 |  8.6
Staves         | 7 8 |  8.6
Ranged Weapons | 7 8 |  8.6
Throwing       | 7 8 |  8.6
Stealth        | 9 11 | 11.2
Spellcasting   | 7 8 |  8.6
Conjurations   | 6 7 |  7.9
Hexes          | 8 10 | 10.3
Summonings     | 8 9 |  9.7
Necromancy     | 8 9 |  9.7
Translocations | 7 8 |  8.9
Transmutations | 8 10 | 10.6
Fire Magic     | 8 9 |  9.7
Ice Magic      | 8 9 |  9.7
Air Magic      | 6 8 |  8.1
Earth Magic    | 9 11 | 11.5
Poison Magic   | 10 12 | 12.5
Invocations    | 9 11 | 11.5
Evocations     | 8 10 | 10.6

Action                   |  1- 3 |  4- 6 |  7- 9 | 10-12 | 13-15 | 16-18 | 19-21 || total
-------------------------+-------+-------+-------+-------+-------+-------+-------++-------
Melee: Executioner's axe |     1 |       |       |     1 |     6 |     6 |     3 ||    17
Dodge: Dodged            |       |       |       |       |     1 |     1 |       ||     2
